 Dungeon Crawl Stone Soup version 0.27.1-15-g792fb953b9 (webtiles) character file.

Game seed: 8294415953339229774

3360 pkoi the Carver (level 9, 0/71 HPs)
             Began as a Minotaur Fighter on Nov 19, 2021.
             Was a Follower of Makhleb.
             Slain by a killer bee (2 damage)
             ... on level 9 of the Dungeon.
             The game lasted 00:09:42 (9099 turns).

pkoi the Carver (Minotaur Fighter)                  Turns: 9099, Time: 00:09:43

Health: 0/71       AC: 15    Str: 20    XL:     9   Next: 73%
Magic:  21/21      EV:  4    Int:  5    God:    Makhleb [*.....]
Gold:   324        SH: 11    Dex: 10    Spells: 8/8 levels left

rFire    . . .     SeeInvis .   a - +0 long sword (flame)
rCold    + + +     Faith    .   c - +0 kite shield
rNeg     . . .     Spirit   .   t - +0 plate armour
rPois    .         Reflect  .   (helmet restricted)
rElec    .         Harm     .   (no cloak)
rCorr    .         Rampage  .   v - +0 pair of gloves "Modeh" {-Cast rC+++ Str-4 Stlth+}
Will     .....     NoCast   +   m - +2 pair of boots
Stlth    ..........             (no amulet)
HPRegen  0.21/turn              k - ring of magical power
MPRegen  0.17/turn              (no ring)

@: lethally poisoned (0 -> -4)
A: horns 2, retaliatory headbutt, deterioration 1
a: Renounce Religion


You were on level 9 of the Dungeon.
You worshipped Makhleb.
Makhleb was aware of your devotion.
You visited 2 branches of the dungeon, and saw 10 of its levels.

You collected 324 gold pieces.

Inventory:

Hand Weapons
 a - a +0 long sword of flaming (weapon)
Missiles
 n - 4 throwing nets (quivered)
 u - 14 boomerangs
Armour
 c - a +0 kite shield (worn)
 m - a +2 pair of boots (worn)
 s - a +1 pair of gloves
 t - a +0 plate armour (worn)
 v - the +0 pair of gloves "Modeh" (worn) {-Cast rC+++ Str-4 Stlth+}
   (You found it on level 6 of the Dungeon)

   Str:       It affects your strength (-4).
   rC:        It renders you almost immune to cold.
   -Cast:     It prevents spellcasting.
   Stlth:     It makes you more stealthy.
Jewellery
 k - a ring of magical power (left hand)
 y - a +6 ring of intelligence
Wands
 o - a wand of digging (1)
 q - a wand of iceblast (10)
Scrolls
 i - 3 scrolls of teleportation
 r - 7 scrolls of identify
 x - a scroll of amnesia
 z - a scroll of immolation {unknown}
Potions
 b - a potion of experience {unknown}
 d - a potion of might
 e - 2 potions of haste {unknown}
 f - a potion of ambrosia {unknown}
 g - 2 potions of mutation
 h - 3 potions of flight {unknown}
 j - a potion of heal wounds {unknown}
 l - a potion of degeneration {unknown}
 p - a potion of brilliance
 w - a potion of resistance {unknown}


   Skills:
 + Level 4.1 Fighting
 + Level 12.1 Long Blades
 - Level 3.6 Armour
 + Level 9.4 Shields
 + Level 5.6 Invocations


You had 8 spell levels left.
You didn't know any spells.
Your spell library contained the following spells:

 Spells                   Type           Power      Damage    Failure   Level
 Corpse Rot               Necr/Air       N/A        N/A       100%        2
 Poisonous Vapours        Pois/Air       0%         N/A       100%        2
 Freezing Cloud           Conj/Ice/Air   0%         6-21      100%        5


Dungeon Overview and Level Annotations

Branches:
Dungeon (8/15)             Temple (1/1) D:6
   Lair: D:8-11

Altars:
Ashenzari
Dithmenos
Elyvilon
Fedhas
Gozag
Makhleb
Okawaru
Ru
Sif Muna
Trog
Uskayaw
Vehumet
Xom
Yredelemnul
Zin
The Shining One

Shops:
D:5 *

Annotations:
D:7 1 runed translucent door


Innate Abilities, Weirdness & Mutations

You have a pair of horns on your head.
You reflexively headbutt those who attack you in melee.
Your body sometimes deteriorates upon taking damage.


Message History

The killer bee is almost dead.
You feel sick.
The killer bee stings you but does no damage.
You miss the killer bee.
The killer bee is almost dead.
You feel sick.
The killer bee stings you but does no damage.
You block the killer bee's attack.
You miss the killer bee. Your headbutt misses the killer bee.
The killer bee is almost dead.
You feel sick.
The killer bee stings you but does no damage.
The killer bee stings you.
* * * LOW HITPOINT WARNING * * *
You are lethally poisoned!
The killer bee poisons you!
You barely miss the killer bee.
The killer bee is almost dead.
* * * LOW HITPOINT WARNING * * *
You feel very sick.
The killer bee stings you but does no damage.
The killer bee barely misses you.
Unknown command.
You barely miss the killer bee.
The killer bee is almost dead.
* * * LOW HITPOINT WARNING * * *
You feel sick.
The killer bee stings you but does no damage.
You block the killer bee's attack.
Unknown command.
You miss the killer bee.
The killer bee is almost dead.
* * * LOW HITPOINT WARNING * * *
You feel sick. You block the killer bee's attack.
Unknown command.
It was a potion of mutation.
You feel extremely strange.
You feel yourself wasting away.
* * * LOW HITPOINT WARNING * * *
You feel sick. The killer bee stings you.
You die...

#...#
#......#
#########...#
#####..#
............#
...
###+###'##..#
#........#..#
#........#..#
+........#.##
#........#.#
#.....†@.#.#
#######y##.#
... ##...
#.... #.....
#......
#.......


You could see a killer bee.

Vanquished Creatures
  Grinder (D:3)
  Eustachio (D:6)
  Grum (D:5)
  2 black bears
  2 sky beasts
  An orc warrior (D:8)
  4 ogres
  A centaur (D:7)
  Blork the orc (D:6)
  A kobold brigand (D:4)
  2 gnoll sergeants (D:5)
  2 scorpions
  2 water moccasin zombies
  8 killer bees
  A centaur zombie (D:5)
  A bullfrog zombie (D:5)
  3 jellies
  2 gnoll shamans
  12 hounds
  A bullfrog skeleton (D:5)
  Terence (D:2)
  4 iguanas
  3 orc wizards
  A hound skeleton (D:4)
  Robin (D:2)
  6 adders
  20 gnolls
  A river rat (D:5)
  4 worms
  A dart slug (D:4)
  21 orcs
  6 bats
  4 endoplasms
  6 giant cockroaches
  11 goblins
  7 hobgoblins
  3 jackals (D:5)
  8 quokkas
  5 ball pythons
  2 frilled lizards
  9 kobolds
  5 rats
178 creatures vanquished.

Vanquished Creatures (others)
  6 plants (D:4)
6 creatures vanquished.

Grand Total: 184 creatures vanquished

Notes
Turn   | Place    | Note
-------+----------+-------------------------------------------
     0 | D:1      | pkoi the Minotaur Fighter began the quest for the Orb.
     0 | D:1      | Reached XP level 1. HP: 19/19 MP: 0/0
   127 | D:1      | Reached skill level 3 in Long Blades
   175 | D:1      | Reached XP level 2. HP: 26/26 MP: 1/1
   296 | D:1      | Found a faded altar of an unknown god.
   751 | D:2      | Reached XP level 3. HP: 25/31 MP: 2/2
   917 | D:2      | Reached skill level 4 in Long Blades
  1228 | D:2      | Reached XP level 4. HP: 39/39 MP: 3/3
  1502 | D:2      | Noticed Robin
  1521 | D:2      | Killed Robin
  1633 | D:2      | Reached skill level 5 in Long Blades
  1898 | D:3      | Noticed Terence
  2199 | D:2      | Killed Terence
  2200 | D:2      | Reached XP level 5. HP: 45/45 MP: 4/4
  2341 | D:3      | Reached skill level 5 in Shields
  2349 | D:3      | Noticed Grinder
  2745 | D:4      | Noticed an ogre
  2751 | D:4      | Killed an ogre
  2752 | D:4      | Reached skill level 6 in Long Blades
  2808 | D:4      | Found a hide-covered altar of Uskayaw.
  2895 | D:4      | Noticed an ogre
  2901 | D:4      | Killed an ogre
  2902 | D:4      | Reached XP level 6. HP: 51/51 MP: 5/5
  3110 | D:4      | Reached skill level 7 in Long Blades
  3586 | D:4      | Reached XP level 7. HP: 55/57 MP: 6/6
  3753 | D:4      | Found an opulent altar of Gozag.
  3814 | D:4      | Found a glowing silver altar of Zin.
  3860 | D:4      | Found a burning altar of Makhleb.
  3865 | D:4      | Became a worshipper of Makhleb the Destroyer
  3905 | D:5      | Entered Level 5 of the Dungeon
  3913 | D:4      | Reached skill level 8 in Long Blades
  4290 | D:5      | Reached skill level 1 in Invocations
  4797 | D:5      | Found a broken altar of Ashenzari.
  4838 | D:5      | Found Waokach's Gadget Gallery.
  4910 | D:5      | Noticed Grum
  4958 | D:4      | Reached skill level 9 in Long Blades
  4967 | D:4      | Reached XP level 8. HP: 38/64 MP: 8/8
  5113 | D:5      | Killed Grum
  5344 | D:5      | Found a sacrificial altar of Ru.
  5574 | D:5      | Reached * piety under Makhleb
  5576 | D:5      | Reached skill level 10 in Long Blades
  6200 | D:6      | Identified the +0 pair of gloves "Modeh" {-Cast rC+++ Str-4
                  | Stlth+}
  6736 | D:6      | Found a staircase to the Ecumenical Temple.
  6736 | D:6      | Noticed Eustachio
  6745 | D:6      | Killed Eustachio
  6746 | D:6      | Reached XP level 9. HP: 70/70 MP: 11/11
  6757 | Temple   | Entered the Ecumenical Temple
  6973 | D:6      | Noticed Blork the orc
  6982 | D:6      | Killed Blork the orc
  6983 | D:6      | Reached skill level 11 in Long Blades
  7794 | D:3      | Killed Grinder
  8207 | D:7      | Found a runed translucent door.
  8321 | D:7      | Reached skill level 5 in Invocations
  8329 | D:7      | Found a bloodstained altar of Trog.
  8854 | D:7      | Reached skill level 12 in Long Blades
  8961 | D:7      | Identified the +2 chain mail "Hilyic" {Rampage Drain rCorr}
  9032 | D:7      | You fall into a shaft and drop 2 floors!
  9099 | D:9      | Gained mutation: Your body sometimes deteriorates upon
                  | taking damage. [potion of mutation]
  9099 | D:9      | HP: 2/71 [poisoned by a killer bee]
  9099 | D:9      | Slain by a killer bee

Illustrated notes

Levels and vault maps discovered:
D:1:      heliophobic_arrival_battle_scene, layout_rooms,
          shapermc_ecumenical_altar_totnotflames
D:2:      layout_basic, chequers_serial_rivers_micro_d, uniq_robin
D:3:      layout_rooms, uniq_terence, uniq_grinder
D:4:      layout_loops_ring, pdpol_temple_overflow_zin_treasury_gozag_greed,
          lightli_temple_of_fire, mainiacjoe_overflow_surrounded_room,
          lexackson_kobold_supper
D:5:      layout_cave_pools, evilmike_ruin_ashenzari,
          mainiacjoe_overflow_small_starburst, serial_gnoll_camp,
          gnoll_camp_mini_sergeant, gnoll_camp_medium_02,
          gnoll_camp_mini_doghouse, gnoll_camp_mini_loothouse, grums_kennel,
          cheibrodos_sewer_entry_sluice, nicolae_shop_gadgets
D:6:      layout_basic, minmay_temple_entry_junction_2, uniq_blork_the_orc,
          uniq_eustachio
D:7:      layout_basic, lemuel_crystal_altar, minmay_misc_feat_diagonals,
          lightli_church_of_beogh
D:8:      layout_cave_pods, kennysheep_mini
D:9:      layout_irregular_city, lemuel_tele_altar, uniq_psyche,
          uniq_prince_ribbit1, uniq_grum
Temple:   compressed_dpeg_triangle_lava_temple

Skill      XL: |  1  2  3  4  5  6  7  8  9 |
---------------+----------------------------+-----
Long Blades    | 3 4 5 6 7 9 10 12 | 12.1
Shields        | 4 5 6 7 8 9 |  9.4
Invocations    | 2 4 5 |  5.6
Fighting       | 4 |  4.1
Armour         | |  3.6

Action                   |  1- 3 |  4- 6 |  7- 9 || total
-------------------------+-------+-------+-------++-------
Melee: Long sword        |    47 |   173 |   361 ||   581
       Headbutt          |     7 |    29 |    76 ||   112
  Use: Scroll            |       |     2 |     7 ||     9
       Potion            |       |       |     1 ||     1
Armor: Scale mail        |    21 |    62 |    57 ||   140
       Plate armour      |       |       |   190 ||   190
Dodge: Dodged            |    11 |    42 |   104 ||   157
Block: Kite shield       |    20 |   117 |   268 ||   405
       Rpst.: Long sword |     3 |     9 |    31 ||    43
